AoeStats
← TheKingThorag

Arabia

508830393Analyzed
1v1 RM · 9d ago on Sep 24, 2026· 74m 15s· 2 players
Game mode
Random Map
Map size
Tiny (2 player)
Population
200
Speed
Normal
Resources
Standard
Victory
Conquest
Starting age
Dark Age
Ending age
Imperial Age
RankedLock teamsTeams togetherTeam positionsShared explorationLock speedFull tech treeHidden civsTurbo modeCheats
Victory
Defeat
🇩🇪 Franks · Germany
1257
+16
🇺🇸 Persians · United States
1258
-16
TheKingThorag
7:22 Loom
9:41 Feudal Age
21:28 Castle Age
20:09 Fletching
20:58 Padded Archer Armor
24:53 Forging
24:49 Scale Barding Armor
24:36 Double-Bit Axe
27:20 Chain Barding Armor
28:44 Iron Casting
29:25 Husbandry
31:27 Wheelbarrow
34:16 Hand Cart
33:53 Light Cavalry
34:49 Gold Mining
34:49 Stone Mining
39:31 Imperial Age
37:07 Bodkin Arrow
38:31 Ballistics
42:35 Chemistry
41:42 Cranequins
42:15 Light Cavalry
43:34 Murder Holes
44:57 Town Watch
45:50 Siege Engineers
46:09 Bow Saw
49:31 Hoardings
49:18 Conscription
49:20 Heavy Mounted Crossbowman
50:28 Cavalier
52:03 Leather Archer Armor
52:49 Blast Furnace
52:24 Plate Barding Armor
|TT|-=UFO=-
10:45 Feudal Age
11:19 Loom
12:00 Double-Bit Axe
22:58 Castle Age
23:20 Horse Collar
24:20 Bow Saw
24:48 Wheelbarrow
24:43 Town Watch
27:19 Stone Mining
28:16 Hand Cart
28:46 Gold Mining
29:38 Heavy Plow
30:07 Gambesons
32:45 Scale Barding Armor
32:51 Forging
34:42 Bloodlines
34:33 Husbandry
36:03 Chain Barding Armor
36:22 Fervor
37:51 Iron Casting
39:01 Fletching
39:12 Padded Archer Armor
39:38 Kamandaran
45:11 Bodkin Arrow
45:30 Thumb Ring
44:46 Crossbowman
45:44 Leather Archer Armor
46:50 Gold Shaft Mining
50:11 Imperial Age
49:17 Stone Shaft Mining
50:05 Ballistics
49:07 Elite Skirmisher
50:09 Light Cavalry
52:12 Ring Archer Armor
52:44 Blast Furnace
51:22 Hussar
53:56 Two-Man Saw
53:27 Crop Rotation
53:36 Theocracy
52:57 Herbal Medicine
52:33 Heavy Camel Rider
54:41 Chemistry
53:38 Murder Holes
54:12 Guard Tower
55:08 Scale Mail Armor
59:02 Conscription
62:14 Masonry
64:34 Citadels
68:28 Scale Mail Armor
69:19 Plate Barding Armor
71:41 Squires
71:26 Gambesons
71:27 Arson
Connection lost

Rejoining the realm…

Still unreachable

The connection could not be restored.

Session expired

The server has moved on; the page needs a fresh start.